 Dungeon Crawl Stone Soup version 0.27-a0-1590-g15f69828bf (webtiles) character file.

Game seed: 15471439228120892506

5750 Hugehornet the Protected (level 11, -9/71 HPs)
             Began as a Djinni Fighter on July 18, 2021.
             Was a Priest of Okawaru.
             Mangled by a spatial vortex (21 damage)
             ... summoned by a spatial maelstrom
             ... on level 1 of the Abyss.
             The game lasted 00:25:26 (12763 turns).

Hugehornet the Protected (Djinni Fighter)          Turns: 12763, Time: 00:25:27

Health: -9/71      AC: 17    Str: 21    XL:     11   Next: 5%
Gold:   443        EV: 10    Int: 14    God:    Okawaru [***...] SH: 11 Dex: 14

rFire    + + .     SeeInvis .   a - +5 short sword
rCold    . . .     Faith    .   c - +0 kite shield
rNeg     . . .     Spirit   .   r - +2 chain mail {rC+}
rPois    ∞         Reflect  .   K - +0 helmet
rElec    +         Harm     .   m - +0 cloak
rCorr    .         Rampage  .   I - +0 pair of gloves
Will     +....                  (boots unavailable)
Stlth    ..........             v - amulet of the acrobat
HPRegen  0.21/turn              s - +4 ring of evasion
MPRegen  0.00/turn              y - +6 ring of strength

@: flying
A: sickness immunity, fire resistance 2, cold vulnerability 1, float, innate
caster, hp casting, extra vitality 1, clever 1, electricity resistance, wild
magic 1
a: Renounce Religion, Heroism


You were on level 1 of the Abyss.
You worshipped Okawaru.
Okawaru was most pleased with you.
You visited 2 branches of the dungeon, and saw 10 of its levels.
You visited the Abyss 1 time.

You collected 443 gold pieces.

Inventory:

Hand Weapons
 a - a +5 short sword (weapon)
 l - a +0 dagger of venom
 G - a +0 rapier
Missiles
 E - 7 atropa-tipped darts (quivered)
Armour
 b - a +0 tower shield
 c - a +0 kite shield (worn)
 m - a +0 cloak (worn)
 r - a +2 chain mail of cold resistance (worn)
 w - a +0 plate armour
 I - a +0 pair of gloves (worn)
 K - a +0 helmet (worn)
Jewellery
 s - a +4 ring of evasion (left hand)
 u - an amulet of magic regeneration
 v - an amulet of the acrobat (around neck)
 y - a +6 ring of strength (right hand)
 D - a ring of ice
Wands
 t - a wand of iceblast (22)
 A - a wand of acid (10)
 B - a wand of polymorph (8)
 H - a wand of paralysis (13)
 J - a wand of flame (24)
Scrolls
 j - 5 scrolls of identify
 k - 3 scrolls of fear {unknown}
 n - a scroll of noise {unknown}
 q - a scroll of enchant armour {unknown}
 x - 2 scrolls of blinking {unknown}
 z - a scroll of teleportation {unknown}
Potions
 d - a potion of ambrosia
 e - 2 potions of mutation
 f - 3 potions of brilliance
 g - 3 potions of curing
 h - a potion of heal wounds
 i - 2 potions of degeneration
 o - a potion of lignification {unknown}
 C - a potion of berserk rage {unknown}
 F - a potion of attraction {unknown}


   Skills:
 - Level 3.0 Fighting
 * Level 7.8 Short Blades
 * Level 8.9 Armour
 + Level 6.8 Shields
 * Level 6.3 Spellcasting
 * Level 1.4 Invocations
 + Level 0.8 Evocations


You had 7 spell levels left.
You knew the following spells:

 Your Spells              Type           Power      Damage    Failure   Level
a - Foxfire               Conj/Fire      100%       2x1d9     30%         1
b - Blink                 Tloc           N/A        N/A       43%         2
c - Mephitic Cloud        Conj/Pois/Air  28%        N/A       65%         3
d - Summon Ice Beast      Ice/Summ       28%        N/A       95%         4
e - Summon Forest         Summ/Tloc      14%        N/A       100%        5
Your spell library was empty.


Dungeon Overview and Level Annotations

Branches:
Dungeon (9/15)             Temple (1/1) D:6
   Lair: D:8-11         Orc: D:9-12

Altars:
Ashenzari
Cheibriados
Dithmenos
Elyvilon
Fedhas
Hepliaklqana
Kikubaaqudgha
Makhleb
Nemelex Xobeh
Okawaru
Qazlal
Ru
Sif Muna
Trog
Uskayaw
Vehumet
Wu Jian
Xom
Zin

Shops:
D:4 (   D:7 *

Annotations:
D:9 Erolcha, Prince Ribbit


Innate Abilities, Weirdness & Mutations

You are immune to sickness and miasma.
You are immune to poison.
Your flesh is very heat resistant. (rF++)
You are vulnerable to cold. (rC-)
You float through the air rather than walking.
You learn spells naturally, not from books.
Your magical power is your life essence.
You have superior vitality. (+4 HP)
Your mind is acute. (Int +2)
You are resistant to electric shocks. (rElec)
Your spells are a little harder to cast, but a little more powerful.


Message History

You block the starspawn tentacle's attack.
The starspawn tentacle barely misses you.
You puncture the starspawn tentacle!
The starspawn tentacle is severely damaged.
You hit the starspawn tentacle.
The starspawn tentacle is severely damaged.
The starspawn tentacle completely misses you.
The starspawn tentacle grabs you. The starspawn tentacle constricts you.
The starspawn tentacle loses its grip on you.
The tentacle pulls you backwards! 2 spatial vortices and a spatial maelstrom come into view.
A spatial vortex comes into view. x2
The thrashing horror completely misses you.
You block the thrashing horror's attack.
A spatial vortex comes into view.
You block the spatial maelstrom's attack.
The spatial maelstrom completely misses you.
A spatial vortex comes into view.
A spatial vortex comes into view.
An ufetubus comes into view.
The spatial maelstrom completely misses you.
You block the spatial maelstrom's attack.
The thrashing horror roars!
The thrashing horror tramples you.
You are shoved backwards!
The thrashing horror roars!
You block the thrashing horror's attack. x2
A spatial vortex comes into view.
You feel better.
You feel like a meek peon again.
The thrashing horror roars!
You block the thrashing horror's attack.
The thrashing horror tramples you but does no damage.
The spatial maelstrom barely misses you.
The spatial maelstrom closely misses you.
A spatial vortex comes into view.
You puncture the spatial vortex!
The spatial vortex is moderately damaged.
The spatial vortex hits you!!
* * * LOW HITPOINT WARNING * * *
Space warps horribly around you!!
You die...

#... ..... #
#.#..##### .#
......v@v####.#
........vX#...#
#...#..##..#..#.#
...#..#.#......##
. ....#
.##.....##
#v####.## .##...
# . ..#.##.#X.
#...#.# # #
.v.v.5..#.##.#.
... #v.## .##..
.#.#.# .


You could see a spatial maelstrom, 4 spatial vortices and a thrashing horror.

Vanquished Creatures
  Pikel (D:5)
  Maurice (D:8)
  Joseph (D:7)
  A hornet (D:8)
  7 yaks (D:8)
  2 wyverns
  Menkaure (D:7)
  A water moccasin (D:6)
  An orc warrior (D:6)
  A black bear (D:5)
  An ice beast (D:6)
  2 sky beasts
  A hornet zombie (D:7)
  5 necrophages
  3 ogres (D:6)
  A lemure (D:5)
  A phantom (D:5)
  Blork the orc (D:4)
  3 bullfrogs
  2 gnoll sergeants
  2 water moccasin skeletons
  5 wights (D:7)
  4 howler monkeys
  3 bullfrog zombies (D:6)
  3 hounds
  3 bullfrog skeletons (D:6)
  A centaur skeleton (D:6)
  2 gnoll shamans (D:8)
  A jelly (D:5)
  An iguana (D:7)
  6 adders
  14 gnolls
  A white imp (D:6)
  An ufetubus (D:5)
  A worm (D:4)
  4 dart slugs
  14 orcs
  4 bats
  10 endoplasms
  3 giant cockroaches
  7 goblins
  2 hobgoblins (D:1)
  18 jackals
  4 quokkas
  5 ball pythons
  5 frilled lizards
  A jackal skeleton (D:4)
  5 kobolds
  3 rats
170 creatures vanquished.

Vanquished Creatures (others)
  8 starspawn tentacles (Abyss:1)
8 creatures vanquished.

Grand Total: 178 creatures vanquished

Notes
Turn   | Place    | Note
-------+----------+-------------------------------------------
     0 | D:1      | Hugehornet the Djinni Fighter began the quest for the Orb.
     0 | D:1      | Reached XP level 1. HP: 20/20 MP: 0/0
   502 | D:1      | Reached XP level 2. HP: 25/25 MP: 0/0
   746 | D:1      | Reached XP level 3. HP: 19/30 MP: 0/0
   746 | D:1      | Learned a level 1 spell: Foxfire
  1079 | D:1      | Reached skill level 1 in Spellcasting
  1801 | D:2      | Reached XP level 4. HP: 35/35 MP: 0/0
  1999 | D:2      | Reached XP level 5. HP: 34/40 MP: 0/0
  1999 | D:2      | Learned a level 2 spell: Blink
  2759 | D:3      | Found a faded altar of an unknown god.
  3396 | D:4      | Noticed Blork the orc
  3412 | D:4      | Killed Blork the orc
  3413 | D:4      | Reached skill level 4 in Armour
  3413 | D:4      | Reached XP level 6. HP: 18/46 MP: 0/0
  3656 | D:4      | Found a bloodstained altar of Trog.
  3700 | D:4      | Noticed a necrophage
  3723 | D:4      | Killed a necrophage
  3946 | D:4      | Found Ymuwy's Antique Weapon Boutique.
  4011 | D:4      | Found a broken altar of Ashenzari.
  4095 | D:4      | Reached XP level 7. HP: 43/50 MP: 0/0
  4095 | D:4      | Learned a level 3 spell: Mephitic Cloud
  4119 | D:5      | Entered Level 5 of the Dungeon
  4156 | D:5      | Noticed Pikel
  4189 | D:5      | Killed Pikel
  4190 | D:5      | Reached skill level 5 in Armour
  4190 | D:5      | Reached XP level 8. HP: 22/56 MP: 0/0
  4810 | D:5      | Found a faded altar of an unknown god.
  4810 | D:5      | Found a faded altar of an unknown god.
  4812 | D:5      | Found a hazy altar of Hepliaklqana.
  4828 | D:5      | Reached skill level 5 in Short Blades
  4828 | D:5      | Reached skill level 6 in Armour
  5260 | D:5      | Reached skill level 5 in Shields
  5743 | D:5      | Reached XP level 9. HP: 56/60 MP: 0/0
  5743 | D:5      | Learned a level 4 spell: Summon Ice Beast
  5964 | D:6      | HP: 2/60 [bullfrog zombie (2)]
  6398 | D:6      | Found a stormy altar of Qazlal.
  6490 | D:6      | Found a staircase to the Ecumenical Temple.
  6498 | Temple   | Entered the Ecumenical Temple
  7004 | Temple   | Became a worshipper of Warmaster Okawaru
  7312 | D:6      | Reached skill level 7 in Armour
  7776 | D:6      | Reached skill level 5 in Spellcasting
  8155 | D:7      | Noticed Menkaure
  8170 | D:7      | Killed Menkaure
  8170 | D:7      | Reached * piety under Okawaru
  8837 | D:7      | Reached XP level 10. HP: 67/67 MP: 0/0
  9322 | D:7      | Found a glowing silver altar of Zin.
  9401 | D:7      | Found Dibluej's Assorted Antiques.
  9410 | D:7      | Noticed Joseph
  9432 | D:7      | Gained mutation: Your mind is acute. (Int +2) [potion of
                  | mutation]
  9432 | D:7      | Gained mutation: You are resistant to electric shocks.
                  | (rElec) [potion of mutation]
  9432 | D:7      | Gained mutation: Your spells are a little harder to cast,
                  | but a little more powerful. [potion of mutation]
  9452 | D:7      | Killed Joseph
  9453 | D:7      | Reached skill level 8 in Armour
 10438 | D:8      | Reached ** piety under Okawaru
 11206 | D:8      | Noticed Maurice
 11239 | D:8      | Killed Maurice
 11795 | D:8      | Reached XP level 11. HP: 57/71 MP: 0/0
 11795 | D:8      | Learned a level 5 spell: Summon Forest
 11864 | D:8      | Reached skill level 1 in Invocations
 11931 | D:8      | Found an ornate altar of the Wu Jian Council.
 12007 | D:8      | Found a blossoming altar of Fedhas.
 12404 | D:9      | Noticed Prince Ribbit
 12433 | D:8      | Reached *** piety under Okawaru
 12672 | D:9      | Noticed Erolcha
 12677 | D:9      | Cast into level 1 of the Abyss (Erolcha)
 12717 | Abyss:1  | Noticed a tentacled starspawn
 12741 | Abyss:1  | Noticed a thrashing horror
 12756 | Abyss:1  | Noticed a spatial maelstrom
 12763 | Abyss:1  | Mangled by a spatial vortex

Illustrated notes

Levels and vault maps discovered:
D:1:      scummos_arrival_forest, layout_loops_corners
D:2:      layout_rooms
D:3:      layout_basic, hellmonk_ecumenical_altar_dog_temple
D:4:      layout_cave_pools, mainiacjoe_overflow_alcove_4,
          evilmike_ruin_ashenzari, trog_wizard, serial_shops,
          nicolae_take_the_stairs, uniq_blork_the_orc
D:5:      layout_layer_cave, nicolae_hepliaklqana_ecumenical_no_more, uniq_pikel
D:6:      layout_basic, old_standard_altar, minmay_temple_entry_glassed_door,
          minmay_crystal_room, minmay_bent
D:7:      layout_basic, zin_treasury, serial_shops, shop,
          kennysheep_small_spiral, uniq_joseph, uniq_menkaure
D:8:      layout_gridville, grunt_temple_overflow_magic_moments,
          mainiacjoe_overflow_large_starburst, chequers_serial_rivers_micro_b,
          uniq_maurice
D:9:      layout_roguey, mainiacjoe_overflow_brackets,
          mainiacjoe_overflow_six_doors_small, uniq_prince_ribbit1, uniq_erolcha
Temple:   jpeg_temple_island
Abyss:1:  base:
D:4

Skill      XL: |  1  2  3  4  5  6  7  8  9 10 11 |
---------------+----------------------------------+-----
Short Blades   | 2 3 4 5 6 7 |  7.8
Spellcasting   | 1 2 3 4 5 6 |  6.3
Armour         | 4 5 6 7 8 |  8.9
Shields        | 4 5 6 |  6.8
Invocations    | 1 |  1.4
Fighting       | |  3.0
Evocations     | |  0.8

Action                   |  1- 3 |  4- 6 |  7- 9 | 10-12 || total
-------------------------+-------+-------+-------+-------++-------
Melee: Rapier            |   119 |   112 |   154 |    19 ||   404
       Dagger            |       |    58 |   270 |   353 ||   681
       Short sword       |       |       |       |    27 ||    27
Throw: Dart              |       |       |       |     8 ||     8
Invok: Heroism           |       |       |       |     4 ||     4
  Use: Potion            |       |     2 |     4 |     8 ||    14
       Scroll            |       |       |       |     1 ||     1
Armor: Scale mail        |    62 |    70 |       |       ||   132
       Chain mail        |       |     8 |   166 |    87 ||   261
Dodge: Dodged            |    33 |    43 |   101 |   120 ||   297
Block: Kite shield       |    47 |    75 |   167 |   167 ||   456

Table legend: (Time is in decaauts)
 A = Elapsed time spent in this place.
 B = Non-inter-level travel time spent in this place.
 C = Inter-level travel time spent in this place.
 D = Time resting spent in this place.
 E = Time spent auto-exploring this place.
 F = Levels seen in this place.
 G = Mean time per level.
                   A        B        C        D        E       F      G
               +--------+--------+--------+--------+--------+-----+--------+
         Total |  12745 |  11969 |    776 |   2388 |   7650 |  11 | 1158.6 |
       Dungeon |  12130 |  11420 |    710 |   2388 |   7148 |   9 | 1347.8 |
        Temple |    533 |    467 |     66 |      0 |    463 |   1 |  533.0 |
         Abyss |     82 |     82 |      0 |      0 |     39 |   1 |   82.0 |
               +--------+--------+--------+--------+--------+-----+--------+

Top non-repeatable levels by time:
     D:7: 2481 daAuts
     D:5: 1897 daAuts
     D:1: 1827 daAuts
     D:8: 1700 daAuts
     D:6: 1632 daAuts
     D:3: 1015 daAuts
     D:4: 778 daAuts
     D:2: 589 daAuts
  Temple: 533 daAuts
     D:9: 207 daAuts
 Abyss:1: 82 daAuts
